 Dungeon Crawl Stone Soup version 0.21-a0-496-g696f58f537 (webtiles) character file.

514 Kaname the Stinger (level 7, 0/46 HPs)
             Began as a Demonspawn Venom Mage on Nov 24, 2017.
             Slain by a wight
             ... wielding a +4 mace
              (5 damage)
             ... on level 4 of the Dungeon.
             The game lasted 00:12:50 (4174 turns).

Kaname the Stinger (Demonspawn Venom Mage)          Turns: 4174, Time: 00:12:52

Health: 0/46       AC:  4    Str:  8    XL:     7   Next: 0%
Magic:  10/10      EV: 11    Int: 19    God:
Gold:   136        SH:  0    Dex: 13    Spells: 5/10 levels left

rFire    . . .     SeeInvis .   w - +1 scythe (freeze)
rCold    . . .     Gourm    .   (shield currently unavailable)
rNeg     . . .     Faith    .   q - +1 robe {MR+}
rPois    .         Spirit   .   (helmet restricted)
rElec    .         Reflect  .   (no cloak)
rCorr    .         Harm     .   (no gloves)
MR       +....                  i - +0 pair of boots
Stlth    ++........             x - amulet of regeneration
HPRegen  0.55/turn              u - ring of stealth
MPRegen  0.12/turn              (no ring)

@: heavily drained
A: antennae 1, powered by death 1, powered by pain 1
a: no special abilities


You were on level 4 of the Dungeon.
You were not hungry.

You visited 1 branch of the dungeon, and saw 5 of its levels.

You collected 136 gold pieces.

Inventory:

Hand Weapons
 s - a +0 blowgun
 w - a +1 scythe of freezing (weapon)
Missiles
 t - 25 poisoned needles
Armour
 i - a +0 pair of boots (worn)
 q - a +1 robe of magic resistance (worn)
Jewellery
 u - a ring of stealth (left hand)
 x - an amulet of regeneration (around neck)
Wands
 y - a wand of enslavement (6)
Scrolls
 e - 2 scrolls of remove curse {unknown}
 k - 2 scrolls of blinking
 m - 4 scrolls of teleportation
 n - a scroll of enchant armour
Potions
 a - a potion of cancellation {unknown}
 d - 2 potions of magic
 f - a potion of resistance
 h - a potion of agility
 j - 2 potions of heal wounds {unknown}
 o - a potion of mutation {unknown}
 p - 2 potions of haste {unknown}
 v - a potion of might {unknown}
Books
 b - a Young Poisoner's Handbook

   Spells                             Type                      Level
   a - Sting                          Conjuration/Poison           1
   b - Poisonous Vapours              Poison/Air                   2
   c - Mephitic Cloud                 Conjuration/Poison/Air       3
   d - Olgreb's Toxic Radiance        Poison                       4
   e - Venom Bolt                     Conjuration/Poison           5
 r - a book of Conjurations

   Spells                             Type                      Level
   a - Magic Dart                     Conjuration                  1
   b - Searing Ray                    Conjuration                  2
   c - Dazzling Spray                 Conjuration/Hexes            3
   d - Fulminant Prism                Conjuration/Hexes            4
   e - Force Lance                    Conjuration/Translocation    4
   f - Iskenderun's Mystic Blast      Conjuration                  4
Comestibles
 c - 5 bread rations
 g - 2 chunks of flesh
 l - 2 meat rations
 z - 4 fruits


   Skills:
 - Level 1.7(0.6) Dodging
 - Level 1.7(0.6) Stealth
 + Level 2.3(1.1) Spellcasting
 - Level 3.0(1.8) Conjurations
 - Level 2.0(0.9) Air Magic
 * Level 6.7(5.4) Poison Magic


You had 5 spell levels left.
You knew the following spells:

 Your Spells              Type           Power        Failure   Level  Hunger
a - Poisonous Vapours     Pois/Air       ##....       8%          2    ###....
b - Mephitic Cloud        Conj/Pois/Air  ##......     19%         3    ####...


Dungeon Overview and Level Annotations

Branches:
Dungeon (5/15)
 Temple: D:4-7

Altars:


Innate Abilities, Weirdness & Mutations

You have a pair of small antennae on your head.
You regenerate a little health from kills.
You sometimes gain a little power by taking damage.


Message History

You feel drained.
You closely miss the wight.
The wight hits you with an enchanted mace! x2
You are too injured to fight recklessly!
Press: ? - help, v - describe, . - travel
Here: a wight, wielding an enchanted mace and wearing a robe The floor.
Unknown command.
You hit the wight but do no damage.
The wight hits you with an enchanted mace. x2
* * * LOW HITPOINT WARNING * * *
You feel drained.
* * * LOW HITPOINT WARNING * * *
You barely miss the wight.
The wight hits you with an enchanted mace!
You feel drained.
The wight hits you with an enchanted mace!
* * * LOW HITPOINT WARNING * * *
You feel drained.
You die...

.......##............#........#
........#...............###.###
.........#.............## #.#
......................## ###
...........####....#..##
...........# #....##..##
..........## #...####..# ###
### ..........#####..##
##.###.###.# ....(...........@#
##...#...##
..........#.....z### ##.##...##
..........####.....####.####.##
.........####...##...#..# #.#
.........##...#.####....## ###
.................###.#...#
.................##......##
.........#######....#.....##
..........# #..#........####


You could see a wight.

Vanquished Creatures
  Sigmund (D:4)
  2 scorpions (D:4)
  A howler monkey (D:4)
  An orc priest (D:4)
  An iguana (D:4)
  A worker ant (D:4)
  6 adders
  2 worms
  2 leopard geckos (D:2)
  5 orcs
  2 ball pythons
  3 giant cockroaches
  7 hobgoblins
  13 jackals
  2 quokkas (D:3)
  6 bats
  2 frilled lizards
  5 goblins
  A jackal skeleton (D:4)
  9 kobolds
  8 rats
80 creatures vanquished.

Notes
Turn   | Place    | Note
-------+----------+-------------------------------------------
     0 | D:1      | Kaname the Demonspawn Venom Mage began the quest for the Orb.
     0 | D:1      | Reached XP level 1. HP: 13/13 MP: 3/3
   364 | D:1      | Gained mutation: You sometimes gain a little power by taking damage. [demonic ancestry]
   364 | D:1      | Reached XP level 2. HP: 13/19 MP: 0/5
   973 | D:2      | Gained mutation: You regenerate a little health from kills. [demonic ancestry]
   973 | D:2      | Reached XP level 3. HP: 22/24 MP: 4/6
  1030 | D:2      | Reached skill level 4 in Poison Magic
  1818 | D:2      | You fall through a shaft!
  2084 | D:3      | Reached XP level 4. HP: 21/30 MP: 1/7
  2230 | D:3      | Learned a level 3 spell: Mephitic Cloud
  2382 | D:3      | Learned a level 2 spell: Poisonous Vapours
  2865 | D:4      | Reached skill level 5 in Poison Magic
  2865 | D:4      | Reached XP level 5. HP: 28/35 MP: 1/8
  3220 | D:4      | Noticed Sigmund
  3236 | D:4      | Killed Sigmund
  3236 | D:4      | Reached skill level 1 in Air Magic
  3236 | D:4      | Reached skill level 6 in Poison Magic
  3236 | D:4      | Reached XP level 6. HP: 30/41 MP: 1/9
  4033 | D:5      | Entered Level 5 of the Dungeon
  4053 | D:5      | Gained mutation: You have a pair of small antennae on your head. [demonic ancestry]
  4053 | D:5      | Reached XP level 7. HP: 37/46 MP: 10/10
  4174 | D:4      | Slain by a wight

Vault maps used:
D:1:      minmay_arrival_widening_spiral_wide
D:2:      serial_forest, infiniplex_forest_clump_small,
          infiniplex_forest_lined_3, infiniplex_forest_fountain,
          infiniplex_forest_clump_diagonal, infiniplex_forest_diagonal,
          infiniplex_forest_clump_long, infiniplex_forest_clump_C,
          hangedman_decor_diamond_cutter
D:4:      uniq_sigmund
D:5:      first_bread, serial_shops, shop

Skill      XL: |  1  2  3  4  5  6 |
---------------+-------------------+-----
Conjurations   | 2 3 |  3.0
Poison Magic   | 4 5 6 |  6.7
Air Magic      | 1 2 |  2.0
Dodging        | |  1.7
Stealth        | |  1.7
Spellcasting   | |  2.3

Action                   |  1- 3 |  4- 6 |  7- 9 || total
-------------------------+-------+-------+-------++-------
Melee: Spear             |    74 |    68 |       ||   142
       Unarmed           |     2 |       |       ||     2
       Scythe            |       |    24 |    10 ||    34
 Cast: Sting             |    63 |    16 |       ||    79
       Poisonous Vapours |       |    21 |       ||    21
  Use: Scroll            |     1 |     7 |       ||     8
 Stab: Sleeping          |     2 |     1 |       ||     3
  Eat: Chunk             |     4 |     8 |     1 ||    13
Armor: Robe              |    16 |    31 |     2 ||    49
Dodge: Dodged            |    57 |    84 |     6 ||   147

Table legend:
 A = Spawn XP
 B = Non-spawn XP
 C = Spawn XP percentage of total XP
 D = Spawn monster count
 E = Non-spawn monster count
 F = Spawn count percentage of total count
 G = Total turns spent on level
                    A         B        C        D         E        F      G
               +---------+---------+-------+---------+---------+-------+---------
         Total |       0 |     735 |   0.0 |       0 |      80 |   0.0 |  4174
               +---------+---------+-------+---------+---------+-------+---------
           D:1 |       0 |      37 |   0.0 |       0 |      25 |   0.0 |   903
           D:2 |       0 |      52 |   0.0 |       0 |      15 |   0.0 |  1011
           D:3 |       0 |      62 |   0.0 |       0 |      20 |   0.0 |   943
           D:4 |       0 |     574 |   0.0 |       0 |      15 |   0.0 |  1226
           D:5 |       0 |      10 |   0.0 |       0 |       5 |   0.0 |    91
               +---------+---------+-------+---------+---------+-------+---------
